 Dungeon Crawl Stone Soup version 0.30.0 (webtiles) character file.

Game seed: 15345950765194186793

932 Ic0nGaming the Basher (level 8, -5/64 HPs)
             Began as a Hill Orc Monk on May 6, 2023.
             Was a Follower of Ru.
             Slain by a wyvern (13 damage)
             ... on level 5 of the Dungeon.
             The game lasted 00:10:48 (4727 turns).

Ic0nGaming the Basher (Hill Orc Monk)               Turns: 4727, Time: 00:10:48

Health: -5/64      AC: 20    Str: 16    XL:     8   Next: 11%
Magic:  8/8        EV:  7    Int: 10    God:    Ru [*.....]
Gold:   189        SH:  0    Dex: 13    Spells: 7/7 levels left

rFire   . . .        l - +1 flail (protect)
rCold   + . .        d - orb {light}
rNeg    . . .        a - +0 chain mail
rPois   .            i - +0 helmet {SInv}
rElec   .            (no cloak)
rCorr   .            (no gloves)
SInv    +            (no boots)
Will    .....        (no amulet) Stlth
                     m - ring of protection from cold
HPRegen 0.30/turn    r - +4 ring of protection
MPRegen 0.11/turn

%: no passive effects
@: mighty, under a protective aura, attractive, glowing
A: no earth magic, no hexes magic, no necromancy magic
a: Renounce Religion


You were on level 5 of the Dungeon.
You worshipped Ru.
Ru was aware of your devotion.
You visited 1 branch of the dungeon, and saw 6 of its levels.

You collected 189 gold pieces.

Inventory:

Hand Weapons
 l - a +1 flail of protection (weapon)
Missiles
 q - 6 curare-tipped darts
 u - 3 poisoned darts (quivered)
Armour
 a - a +0 chain mail (worn)
 d - an orb of light (worn)
 i - a +0 helmet of see invisible (worn)
Jewellery
 m - a ring of protection from cold (left hand)
 r - a +4 ring of protection (right hand)
Wands
 b - a wand of charming (5)
 o - a wand of roots (15)
Scrolls
 j - 3 scrolls of teleportation
Potions
 c - a potion of ambrosia
 e - a potion of invisibility
 f - 2 potions of mutation
 g - a potion of resistance {unknown}
 h - a potion of haste {unknown}
 k - 2 potions of curing {unknown}
 n - a potion of cancellation {unknown}
 p - 2 potions of attraction
 s - a potion of lignification {unknown}
 t - a potion of might
 v - a potion of brilliance {unknown}


   Skills:
 - Level 3.6 Fighting
 + Level 10.4 Maces & Flails
 - Level 2.4 Dodging


You had 7 spell levels left.
You didn't know any spells.
Your spell library contained the following spells:

 Spells                   Type           Power      Damage    Failure   Level
 Beastly Appendage        Tmut           0%         N/A       99%         1
 Wereblood                Tmut           0%         N/A       100%        2
 Ignite Poison            Fire/Tmut/Pois 0%         N/A       100%        3
 Spider Form              Tmut/Pois      0%         N/A       100%        3
 Manifold Assault         Tloc           0%         N/A       100%        4
 Freezing Cloud           Conj/Ice/Air   0%         6-21      100%        5
 Dispersal                Tloc           0%         N/A       100%        6
 Disjunction              Tloc           0%         N/A       100%        8
 Cigotuvi's Dreadful Rot  Necr/Pois/Air  Unusable   N/A       N/A         2

Dungeon Overview and Level Annotations

Branches:
Dungeon (6/15)
 Temple: D:4-7

Altars:
Dithmenos
Makhleb
Okawaru
Qazlal
Ru
Vehumet
The Shining One

Shops:
D:2 ?   D:5 =


Innate Abilities, Weirdness & Mutations

You cannot study or cast Earth magic.
You cannot study or cast Hexes magic.
You cannot study or cast Necromancy magic.


Message History

Found a fizzy purple potion and 18 gold pieces.
Found an escape hatch in the ceiling.
There is a stone staircase leading up here.
There are monsters nearby!
Okay, then.
The wyvern bites you! The wyvern barely misses you.
You climb upwards.
There is a stone staircase leading down here.
You hit the wyvern.
Your weapon exudes an aura of protection.
The wyvern is lightly wounded.
The wyvern bites you!
You hit the wyvern but do no damage.
The wyvern is lightly wounded.
The wyvern bites you but does no damage.
You hit the wyvern.
The wyvern is moderately wounded.
The wyvern bites you.
You barely miss the wyvern.
The wyvern is moderately wounded.
The wyvern bites you! The wyvern barely misses you.
You are too injured to fight recklessly!
You hit the wyvern.
The wyvern is moderately wounded.
The wyvern bites you!
* * * LOW HITPOINT WARNING * * *
You hit the wyvern but do no damage.
The wyvern is moderately wounded.
The wyvern bites you!
* * * LOW HITPOINT WARNING * * *
Okay, then.
It was a potion of attraction.
You feel attractive to monsters.
You redirect the wyvern's attack!
The wyvern bites itself.
The wyvern bites you.
* * * LOW HITPOINT WARNING * * *
It was a potion of might.
You feel very mighty all of a sudden. The wyvern bites you!
You die...

######......##.#
#.........###
.......####.##.# #########.#
######.# #..#.# ###.# #.#
##...# #...# #.# ##..# #.###
#.######..# ##.#
#...[..##.###########..#####
#......##.>.##..............
#......##.#@∩..######.......
######.........#l####
#....... ............####.#
#....... #######.##### #.#
#.....(. #.# #.# #.....^.
#.# #.# #....... #.# #.#
######## #.# #.# #.# #.#


You could see a wyvern.

Vanquished Creatures
  Grinder (D:5)
  An ice beast (D:5)
  2 ogres
  2 scorpions (D:4)
  A jelly (D:5)
  2 hounds (D:5)
  An iguana (D:5)
  An orc wizard (D:4)
  Robin (D:2)
  8 gnolls
  2 adders
  3 ufetubi
  2 worms
  A dart slug (D:2)
  6 orcs
  9 bats
  7 endoplasms
  4 giant cockroaches
  17 goblins
  8 hobgoblins
  2 jackals (D:1)
  3 quokkas
  4 ball pythons
  3 frilled lizards
  10 kobolds
  3 rats (D:2)
104 creatures vanquished.

Vanquished Creatures (others)
  A plant (D:4)
1 creature vanquished.

Grand Total: 105 creatures vanquished

Notes
Turn   | Place    | Note
-------+----------+-------------------------------------------
     0 | D:1      | Ic0nGaming the Hill Orc Monk began the quest for the Orb.
     0 | D:1      | Reached XP level 1. HP: 19/19 MP: 1/1
   107 | D:1      | Reached XP level 2. HP: 26/26 MP: 2/2
   159 | D:1      | Reached skill level 4 in Maces & Flails
   801 | D:2      | Reached XP level 3. HP: 27/31 MP: 3/3
  1009 | D:2      | Noticed Robin
  1018 | D:2      | Killed Robin
  1025 | D:2      | Reached skill level 5 in Maces & Flails
  1194 | D:2      | Found Xugu's Magic Scroll Boutique.
  1258 | D:2      | Reached XP level 4. HP: 36/39 MP: 4/4
  1775 | D:2      | Reached skill level 6 in Maces & Flails
  1775 | D:2      | Reached XP level 5. HP: 14/45 MP: 5/5
  2140 | D:3      | Found a glowing golden altar of the Shining One.
  2593 | D:3      | Found a stormy altar of Qazlal.
  2656 | D:3      | Found a faded altar of an unknown god.
  2664 | D:3      | Prayed at the altar of an unknown god.
  2664 | D:3      | Became a worshipper of Ru the Awakened
  2668 | D:3      | Gained mutation: You cannot study or cast Earth magic. [Ru
                  | sacrifice]
  2668 | D:3      | Gained mutation: You cannot study or cast Hexes magic. [Ru
                  | sacrifice]
  2668 | D:3      | Gained mutation: You cannot study or cast Necromancy magic.
                  | [Ru sacrifice]
  2668 | D:3      | Reached * piety under Ru
  3055 | D:4      | You fall into a shaft and drop 1 floor!
  3055 | D:5      | Entered Level 5 of the Dungeon
  3075 | D:5      | Noticed an ogre
  3090 | D:5      | Killed an ogre
  3091 | D:5      | Reached skill level 7 in Maces & Flails
  3091 | D:5      | Reached XP level 6. HP: 21/51 MP: 6/6
  3190 | D:5      | Noticed Grinder
  3224 | D:5      | Found Miaxtuj's Jewellery Boutique.
  3228 | D:5      | Noticed an ice beast
  3252 | D:5      | Killed an ice beast
  3253 | D:5      | Reached skill level 8 in Maces & Flails
  3419 | D:4      | Found an iron altar of Okawaru.
  3439 | D:4      | Found a radiant altar of Vehumet.
  3457 | D:4      | Reached XP level 7. HP: 57/57 MP: 7/7
  3546 | D:4      | Found the +0 toga "Victory" {*Victory Clar}
  3681 | D:4      | Reached skill level 9 in Maces & Flails
  3788 | D:4      | Found a burning altar of Makhleb.
  3788 | D:4      | Noticed a cacodemon
  3791 | D:4      | Noticed a ynoxinul
  3791 | D:4      | Noticed a hellwing
  3855 | D:4      | Found a shadowy altar of Dithmenos.
  4226 | D:5      | Killed Grinder
  4227 | D:5      | Reached skill level 10 in Maces & Flails
  4227 | D:5      | Reached XP level 8. HP: 52/64 MP: 8/8
  4716 | D:6      | Noticed a wyvern
  4727 | D:5      | Slain by a wyvern

Illustrated notes

Levels and vault maps discovered:
D:1:      amcnicky_arrival_choice, layout_basic, kennysheep_decorative_pillar
D:2:      layout_loops_corners, serial_shops, nicolae_shop_rolled_up,
          minmay_quantized, uniq_robin
D:3:      layout_loops_ring, lemuel_coloured_pillars_altar,
          mainiacjoe_overflow_boulevard, hellmonk_ecumenical_altar_zigzags
D:4:      layout_basic, makhleb_altar_promises_db, mainiacjoe_overflow_alcove_1,
          mainiacjoe_overflow_catch_the_wave
D:5:      layout_basic, serial_shops, shop, kennysheep_generic_room_3,
          uniq_grinder
D:6:      layout_rooms, mainiacjoe_overflow_tiny_flanked, uniq_sigmund

Skill      XL: |  1  2  3  4  5  6  7 |
---------------+----------------------+-----
Maces & Flails | 4 5 6 7 8 10 | 10.4
Fighting       | |  3.6
Dodging        | |  2.4

Action                     |  1- 3 |  4- 6 |  7- 9 || total
---------------------------+-------+-------+-------++-------
  Melee: Mace              |    98 |    42 |       ||   140
         Flail             |       |   104 |    65 ||   169
  Throw: Dart              |       |     4 |     1 ||     5
 Invoke: Sacrifice Arcana  |       |     1 |       ||     1
  Evoke: Wand              |       |     2 |     7 ||     9
    Use: Scroll            |     3 |     5 |     3 ||    11
         Potion            |       |       |     2 ||     2
 Armour: Leather armour    |    28 |    13 |       ||    41
         Chain mail        |       |    43 |    30 ||    73
  Dodge: Dodged            |    66 |    58 |    21 ||   145
